 Dungeon Crawl Stone Soup version 0.28-a0-909-g796cbd3a86 (webtiles) character file.

Game seed: 1702888925532149054

62511 BinkBink the Imperceptible (level 14, -6/77 HPs)
             Began as a Spriggan Monk on Nov 24, 2021.
             Was the Champion of Wu Jian.
             Mangled by a komodo dragon (8 damage)
             ... while petrified by a basilisk
             ... on level 6 of the Lair of Beasts.
             The game lasted 01:02:24 (21781 turns).

BinkBink the Imperceptible (Spriggan Monk)         Turns: 21781, Time: 01:02:24

Health: -6/77      AC: 14    Str:  7    XL:     14   Next: 64%
Magic:  15/15      EV:  4    Int: 12    God:    Wu Jian [******]
Gold:   1784       SH:  0    Dex: 22    Spells: 13/13 levels left

rFire   . . .      SeeInvis +   w - +9 dagger (elec)
rCold   . . .      Faith    .   (shield restricted)
rNeg    + + +      Spirit   .   z - +2 steam dragon scales
rPois   ∞          Reflect  .   s - +0 hat
rElec   .          Harm     .   m - +2 cloak
rCorr   .          Rampage  .   (gloves unavailable)
Will    ++...                   (boots unavailable)
Stlth   +++++++++.              a - amulet of regeneration
HPRegen 1.22/turn               C - +4 ring of protection
MPRegen 0.14/turn               v - ring of poison resistance

@: petrified, very quick
A: very small, no large weapons, unfitting armour, see invisible, speed 3,
MP-powered wands
a: Renounce Religion, Wall Jump, Serpent's Lash, Heavenly Storm


You were on level 6 of the Lair of Beasts.
You worshipped Wu Jian.
Wu Jian was exalted by your worship.
You visited 4 branches of the dungeon, and saw 21 of its levels.

You collected 1974 gold pieces.
You spent 190 gold pieces at shops.

Inventory:

Hand Weapons
 w - a +9 dagger of electrocution (weapon)
Missiles
 x - 2 throwing nets (quivered)
Armour
 m - a +2 cloak (worn)
 s - a +0 hat (worn)
 z - +2 steam dragon scales (worn)
Magical Staves
 N - a staff of conjuration
Jewellery
 a - an amulet of regeneration (around neck)
 v - a ring of poison resistance (right hand)
 B - an amulet of magic regeneration
 C - a +4 ring of protection (left hand)
 J - a ring of ice
 O - a ring of ice
 P - a ring of fire
 Q - a +6 ring of strength
 Y - an amulet of faith
Wands
 r - a wand of digging (5)
 y - a wand of paralysis (3)
 A - a wand of flame (20)
 H - a wand of mindburst (23)
 I - a wand of polymorph (10)
 K - a wand of iceblast (25)
 V - a wand of acid (10)
Scrolls
 e - 2 scrolls of enchant weapon
 f - 6 scrolls of magic mapping
 i - a scroll of immolation {unknown}
 j - a scroll of teleportation
 o - 3 scrolls of fear
 p - 5 scrolls of noise
 t - a scroll of brand weapon {unknown}
 D - 2 scrolls of blinking
 E - 5 scrolls of amnesia
 M - 2 scrolls of vulnerability
 T - a scroll of fog {unknown}
 U - a scroll of silence {unknown}
 W - a scroll of torment {unknown}
 X - a scroll of identify
Potions
 b - a potion of might {unknown}
 c - 2 potions of berserk rage {unknown}
 d - 3 potions of flight
 g - 2 potions of ambrosia {unknown}
 h - 4 potions of heal wounds
 k - 3 potions of magic {unknown}
 l - 6 potions of lignification
 n - 6 potions of curing
 q - 3 potions of degeneration {unknown}
 u - 7 potions of haste
 F - a potion of brilliance {unknown}
 G - a potion of mutation
 L - 3 potions of attraction {unknown}
Miscellaneous
 R - a condenser vane
 S - a phantom mirror


   Skills:
 + Level 10.1 Fighting
 - Level 10.4 Short Blades
 + Level 18.9 Dodging
 - Level 24.1 Stealth
 + Level 1.3 Evocations


You had 13 spell levels left.
You didn't know any spells.
Your spell library contained the following spells:

 Spells                   Type           Power      Damage    Failure   Level
 Animate Skeleton         Necr           0%         N/A       32%         1
 Foxfire                  Conj/Fire      0%         2x1d4     32%         1
 Sting                    Tmut/Pois      0%         1d3       32%         1
 Blink                    Tloc           0%         N/A       45%         2
 Passwall                 Tmut/Erth      0%         N/A       45%         2
 Poisonous Vapours        Pois/Air       0%         N/A       45%         2
 Static Discharge         Conj/Air       0%         N/A       45%         2
 Call Canine Familiar     Summ           0%         N/A       69%         3
 Conjure Flame            Conj/Fire      0%         6-21      69%         3
 Dazzling Flash           Conj/Hex       0%         N/A       69%         3
 Ignite Poison            Fire/Tmut/Pois 0%         N/A       69%         3
 Inner Flame              Hex/Fire       0%         N/A       69%         3
 Lesser Beckoning         Tloc           0%         N/A       69%         3
 Mephitic Cloud           Conj/Pois/Air  0%         N/A       69%         3
 Stone Arrow              Conj/Erth      0%         3d7       69%         3
 Animate Armour           Summ/Erth      0%         N/A       97%         4
 Flame Wave               Conj/Fire      0%         3d3       97%         4
 Iskenderun's Mystic Bla  Conj/Tloc      0%         2d3       97%         4
 Olgreb's Toxic Radiance  Pois           0%         N/A       97%         4
 Summon Ice Beast         Ice/Summ       0%         N/A       97%         4
 Freezing Cloud           Conj/Ice/Air   0%         6-21      100%        5
 Manifold Assault         Tloc           0%         N/A       100%        5
 Summon Forest            Summ/Tloc      0%         N/A       100%        5
 Summon Mana Viper        Hex/Summ       0%         N/A       100%        5
 Starburst                Conj/Fire      0%         6d3       100%        6
 Summon Cactus Giant      Summ           0%         N/A       100%        6
 Monstrous Menagerie      Summ           0%         N/A       100%        7
 Ozocubu's Refrigeration  Ice            0%         4d5       100%        7
 Ignition                 Fire           0%         3d3       100%        8
 Lehudib's Crystal Spear  Conj/Erth      0%         10d2      100%        8


Dungeon Overview and Level Annotations

Branches:
Dungeon (12/15)            Temple (1/1) D:6            Lair (6/6) D:9
  Swamp (0/4) Lair:2       Spider (0/4) Lair:2        Slime (0/5) Lair:6
    Orc (2/2) D:10            Elf (0/3) Orc:2

Altars:
Ashenzari
Cheibriados
Dithmenos
Elyvilon
Fedhas
Gozag
Hepliaklqana
Kikubaaqudgha
Makhleb
Nemelex Xobeh
Okawaru
Qazlal
Ru
Sif Muna
Trog
Uskayaw
Vehumet
Wu Jian
Xom
Yredelemnul
Zin
The Shining One
Beogh
Jiyva

Shops:
D:3 *   D:9 !!*   Orc:2 [*([

Annotations:
D:4 3 runed translucent doors, ZangPog's ghost, amateur GnAM
Lair:6 1 runed translucent door, bgiannan's ghost, journeyman MiFi


Innate Abilities, Weirdness & Mutations

You are very small and have problems with some larger weapons.
You are too small for most types of armour.
You have supernaturally acute eyesight. (SInv)
You cover ground extremely quickly. (Speed+++)
You expend magic power (3 MP) to strengthen your wands.


Message History

Lightning courses through the rime drake!
The rime drake is heavily wounded.
You hit the rime drake but do no damage.
The rime drake is heavily wounded.
The rime drake bites you but does no damage.
The basilisk gazes at you.
You are slowing down.
You puncture the rime drake!
Lightning courses through the rime drake!!
You kill the rime drake!
The Council accepts your kill.
You hit the basilisk but do no damage. The basilisk misses you.
Your limbs are stiffening.
You closely miss the basilisk. The komodo dragon bites you!
The basilisk bites you.
You hit the basilisk.
The basilisk is lightly wounded.
The komodo dragon bites you but does no damage.
The basilisk barely misses you.
You have turned to stone.
The basilisk bites you but does no damage.
The komodo dragon bites you!
The basilisk bites you but does no damage.
The basilisk splashes around in the water.
The komodo dragon bites you!! The basilisk bites you! The basilisk bites you!
The komodo dragon bites you!! The basilisk gazes at you.
You resist with almost no effort. The basilisk bites you.
The komodo dragon bites you but does no damage.
The basilisk bites you! The basilisk bites you!
* * * LOW HITPOINT WARNING * * *
The komodo dragon bites you!!
* * * LOW HITPOINT WARNING * * *
The basilisk bites you!
* * * LOW HITPOINT WARNING * * *
The basilisk bites you!
* * * LOW HITPOINT WARNING * * *
The komodo dragon bites you!
You die...

#..#....≈♣♣..♣.♣.♣♣♣♣
###....≈≈≈≈≈≈≈≈≈....♣♣
...P...P...♣.≈≈.♣♣...♣♣♣
........♣♣♣♣♣♣≈..♣..♣..♣♣
.P####.#♣ ♣..♣♣≈≈.P....♣♣
...###.# .....♣♣♣≈≈≈.≈...♣
#..##.##♣♣..♣♣♣.♣≈...≈≈..♣♣
#..####
♣.♣...ll≈.♣♣♣≈≈..♣♣♣ ...#
♣♣♣...≈@.♣♣ ♣♣≈††..♣ ...#
♣..≈≈≈l.♣♣ ♣♣.≈≈.♣ ####
)♣≈♣..♣♣♣ ♣♣≈≈≈≈♣ .## ♣.♣
♣♣≈≈.♣ ..# ♣♣ ♣≈..♣ .##
.≈..♣ ### D.P.♣♣ P.# ≈.[♣♣
..# ≈..♣


You could see a komodo dragon and 2 basilisks.

Vanquished Creatures
  Jorgrun (Orc:1)
  Nessos (Orc:2)
  Snorg (Orc:1)
  Fannar (Orc:1)
  8 hydras
  A catoblepas (Lair:6)
  10 death yaks
  An orc high priest (Orc:2)
  2 bog bodies (Lair:2)
  An orc knight (D:11)
  5 orc sorcerers
  A cyclops (D:11)
  An ugly thing (D:10)
  2 wolf spiders
  8 elephants
  10 black mambas
  2 gargoyles
  7 rime drakes
  18 cane toads
  An unseen horror (D:11)
  7 komodo dragons
  2 trolls
  5 hornets
  4 polar bears
  Grinder (D:5)
  9 blink frogs
  2 meliai zombies (D:11)
  3 redbacks (Lair:6)
  2 shadows
  20 yaks
  14 wyverns
  Eustachio (D:4)
  2 basilisks
  3 vampire mosquitoes (D:10)
  A warg (D:10)
  4 steam dragons
  3 acid dragons
  22 water moccasins
  A swamp drake (Lair:6)
  4 ice beasts
  2 black bears (Lair:1)
  23 orc warriors
  A sky beast (D:8)
  21 wolves
  3 centaurs
  5 ogres
  2 phantoms
  2 kobold brigands
  Blork the orc (D:5)
  15 bullfrogs
  A water moccasin zombie (D:6)
  2 scorpions
  A water moccasin skeleton (D:7)
  8 killer bees
  4 wights
  2 electric eels (Lair:1)
  A howler monkey (D:12)
  14 centaur zombies
  2 hounds (D:6)
  3 centaur skeletons
  24 orc priests
  2 jellies (D:7)
  2 bullfrog skeletons
  2 gnoll shamans
  Jessica (D:2)
  6 iguanas
  Terence (D:2)
  25 orc wizards
  4 hell rats (Lair:6)
  2 killer bee zombies
  A hound skeleton (D:4)
  15 adders
  10 gnolls
  A howler monkey skeleton (D:7)
  A shadow imp (D:5)
  2 white imps
  An ufetubus (D:5)
  3 dart slugs
  61 orcs
  7 ball pythons
  4 endoplasms
  3 giant cockroaches
  5 goblins
  5 hobgoblins
  2 jackals (D:3)
  9 kobolds
  4 quokkas
  4 bats
  3 frilled lizards
  2 rats
  A bush (D:1)
518 creatures vanquished.

Vanquished Creatures (others)
  An orc wizard (Orc:2)
  33 fungi
  109 plants
143 creatures vanquished.

Grand Total: 661 creatures vanquished

Notes
Turn   | Place    | Note
-------+----------+-------------------------------------------
     0 | D:1      | BinkBink the Spriggan Monk began the quest for the Orb.
     0 | D:1      | Reached XP level 1. HP: 11/11 MP: 2/2
   349 | D:1      | Reached XP level 2. HP: 16/16 MP: 3/3
   351 | D:1      | Found a faded altar of an unknown god.
  1736 | D:2      | Reached XP level 3. HP: 13/19 MP: 4/4
  1958 | D:2      | Noticed Jessica
  1962 | D:2      | Killed Jessica
  1963 | D:2      | Reached skill level 4 in Stealth
  2056 | D:2      | Found a sacrificial altar of Ru.
  2113 | D:2      | Noticed Terence
  2118 | D:2      | Reached XP level 4. HP: 23/23 MP: 5/5
  2330 | D:2      | Killed Terence
  2331 | D:2      | Reached skill level 5 in Stealth
  3066 | D:3      | Found Keub's General Store.
  3107 | D:3      | Found a sacrificial altar of Ru.
  3111 | D:3      | Found a glowing silver altar of Zin.
  3113 | D:3      | Found a hazy altar of Hepliaklqana.
  3116 | D:3      | Found a bloodstained altar of Trog.
  3525 | D:3      | Reached XP level 5. HP: 26/28 MP: 6/6
  4031 | D:3      | Found a glowing golden altar of the Shining One.
  4102 | D:4      | Found a runed translucent gate.
  4103 | D:4      | Found a runed translucent gate.
  4103 | D:4      | Found a runed translucent gate.
  4104 | D:4      | Noticed ZangPog's ghost (amateur GnAM)
  4219 | D:4      | Noticed Eustachio
  4427 | D:4      | Reached skill level 5 in Dodging
  4651 | D:4      | Got the Collected Works on Transmigration and
                  | Weightlessness
  4840 | D:4      | Killed Eustachio
  4841 | D:4      | Reached skill level 5 in Short Blades
  4841 | D:4      | Reached skill level 6 in Stealth
  4841 | D:4      | Reached XP level 6. HP: 18/32 MP: 7/7
  5074 | D:5      | Entered Level 5 of the Dungeon
  5338 | D:5      | Noticed Blork the orc
  5353 | D:5      | Killed Blork the orc
  5354 | D:5      | Reached skill level 7 in Stealth
  5354 | D:5      | Reached XP level 7. HP: 29/36 MP: 8/8
  5636 | D:5      | Found a stormy altar of Qazlal.
  5882 | D:5      | Noticed Grinder
  5893 | D:5      | Killed Grinder
  5894 | D:5      | Reached skill level 8 in Stealth
  6457 | D:6      | Reached XP level 8. HP: 32/42 MP: 9/9
  6583 | D:6      | Reached skill level 9 in Stealth
  6729 | D:6      | Found a staircase to the Ecumenical Temple.
  6759 | Temple   | Entered the Ecumenical Temple
  6808 | Temple   | Became a worshipper of the Wu Jian Council
  6808 | Temple   | Reached * piety under Wu Jian
  6808 | Temple   | Reached ** piety under Wu Jian
  7162 | D:6      | Reached skill level 10 in Stealth
  7539 | D:6      | Reached skill level 11 in Stealth
  7573 | D:6      | Reached XP level 9. HP: 38/46 MP: 10/10
  7739 | D:6      | Reached skill level 12 in Stealth
  7752 | D:6      | Got the Papyrus of the Entourage and Dark Secrets
  8176 | D:7      | Reached skill level 13 in Stealth
  8617 | D:7      | Reached *** piety under Wu Jian
  8747 | D:7      | Found a burning altar of Makhleb.
  8748 | D:7      | Found an iron altar of Okawaru.
  8749 | D:7      | Found a broken altar of Ashenzari.
  9409 | D:8      | Reached skill level 14 in Stealth
 10155 | D:8      | Reached XP level 10. HP: 51/51 MP: 11/11
 10351 | D:9      | Found Kuarph's Distillery.
 10355 | D:9      | Found Izukk's General Store.
 10359 | D:9      | Reached skill level 5 in Fighting
 10362 | D:9      | Bought a potion of mutation for 104 gold pieces
 10375 | D:9      | Found a staircase to the Lair.
 10575 | D:9      | Bought a scroll of identify for 22 gold pieces
 10903 | D:9      | Paralysed by a hornet for 2 turns
 11090 | D:9      | Found Axtecwut's Distillery.
 11233 | D:9      | Reached skill level 15 in Stealth
 11544 | D:9      | Reached **** piety under Wu Jian
 11788 | D:8      | Gained mutation: You expend magic power (3 MP) to
                  | strengthen your wands. [potion of mutation]
 11935 | D:10     | Entered Level 10 of the Dungeon
 12020 | D:10     | Noticed a white ugly thing
 12405 | D:10     | Reached skill level 10 in Dodging
 12545 | D:10     | Found a staircase to the Orcish Mines.
 12698 | D:10     | Noticed a gargoyle
 12702 | D:10     | Killed a gargoyle
 12703 | D:10     | Reached skill level 10 in Short Blades
 12703 | D:10     | Reached skill level 16 in Stealth
 12776 | D:10     | Killed a white ugly thing
 12876 | D:10     | Reached XP level 11. HP: 56/56 MP: 12/12
 12964 | D:11     | Found a basalt altar of Yredelemnul.
 12986 | D:11     | Reached skill level 17 in Stealth
 13240 | D:11     | Reached skill level 18 in Stealth
 13413 | D:11     | Noticed an orc knight
 13423 | D:11     | Reached ***** piety under Wu Jian
 13475 | D:11     | Killed an orc knight
 13931 | D:12     | Noticed a five-headed hydra
 14035 | D:12     | Noticed an eight-headed hydra
 14110 | Orc:1    | Entered Level 1 of the Orcish Mines
 14128 | Orc:1    | Reached skill level 1 in Evocations
 14146 | Orc:1    | Noticed an orc sorcerer
 14171 | Orc:1    | Killed an orc sorcerer
 14172 | Orc:1    | Reached XP level 12. HP: 62/62 MP: 13/13
 14178 | Orc:1    | Noticed Snorg
 14251 | Orc:1    | Killed Snorg
 14279 | Orc:1    | Noticed Fannar
 14298 | Orc:1    | Killed Fannar
 14299 | Orc:1    | Reached skill level 19 in Stealth
 14379 | Orc:1    | Noticed Jorgrun
 14386 | Orc:1    | Killed Jorgrun
 14562 | Orc:2    | Entered Level 2 of the Orcish Mines
 14898 | Orc:2    | Noticed Nessos
 14966 | Orc:2    | Found a staircase to the Elven Halls.
 15190 | Orc:2    | Noticed an orc high priest
 15224 | Orc:2    | Killed an orc high priest
 15309 | Orc:2    | Reached skill level 20 in Stealth
 15526 | Orc:2    | Found Xiqogh's Weapon Boutique.
 15544 | Orc:2    | Found Decu's Armour Shop.
 15544 | Orc:2    | Found Xemur's Assorted Antiques.
 15545 | Orc:2    | Found Pohi's Antique Armour Boutique.
 15566 | Orc:2    | Bought a scroll of identify for 64 gold pieces
 15755 | Orc:2    | Killed Nessos
 15913 | Lair:1   | Entered Level 1 of the Lair of Beasts
 15919 | Lair:1   | Reached skill level 15 in Dodging
 16204 | Lair:1   | Noticed a six-headed hydra
 16208 | Lair:1   | Killed a six-headed hydra
 16256 | Lair:1   | Reached skill level 21 in Stealth
 16282 | Lair:1   | You fall into a shaft and drop 1 floor!
 16292 | Lair:2   | Found a hole to the Spider Nest.
 16304 | Lair:2   | Reached XP level 13. HP: 68/68 MP: 14/14
 16341 | Lair:2   | Reached ****** piety under Wu Jian
 17333 | Lair:2   | Reached skill level 22 in Stealth
 17346 | Lair:2   | Found a staircase to the Swamp.
 18075 | Lair:3   | Reached skill level 23 in Stealth
 18804 | Lair:4   | Reached skill level 24 in Stealth
 18976 | Lair:4   | Reached XP level 14. HP: 74/74 MP: 15/15
 20470 | Lair:6   | Entered Level 6 of the Lair of Beasts
 20555 | Lair:6   | Found a runed translucent door.
 20559 | Lair:6   | Noticed bgiannan's ghost (journeyman MiFi)
 21344 | Lair:6   | Found a staircase to the Slime Pits.
 21345 | Lair:6   | Found a viscous altar of Jiyva.
 21457 | Lair:6   | Reached skill level 10 in Fighting
 21781 | Lair:6   | HP: 2/77 [basilisk (7)]
 21781 | Lair:6   | Mangled by a komodo dragon

Illustrated notes

Levels and vault maps discovered:
D:1:      noname_arrival_rooms_in_the_neighbourhood, layout_loops_cross,
          shapermc_ecumenical_altar_flowoftime, serial_forest,
          infiniplex_forest_clump_C, infiniplex_forest_clump_diagonal,
          infiniplex_forest_zigzag_2, infiniplex_forest_lined_1,
          infiniplex_forest_clump_double, infiniplex_forest_clump_long,
          infiniplex_forest_lined_2, infiniplex_forest_lined_room_2,
          infiniplex_forest_clump_cross, infiniplex_forest_join,
          minmay_misc_feat_diagonals
D:2:      layout_loops_ring, kennysheep_flooded_box, uniq_jessica, uniq_terence
D:3:      minmay_bubble_buster, layout_loops_corners,
          nicolae_tso_swordbearing_angel, minitemple, serial_shops, shop
D:4:      layout_loops_cross, biasface_ghost_orc_armoury, uniq_eustachio
D:5:      layout_gridville, mainiacjoe_overflow_cross_hatched, uniq_grinder,
          uniq_blork_the_orc
D:6:      kennysheep_windowed_halls, layout_rooms,
          minmay_temple_entry_glassed_door, minivault_5,
          minmay_misc_feat_hallway
D:7:      layout_basic, grunt_temple_overflow_open, chequers_avenue,
          grunt_decor_mini_mirrors
D:8:      layout_cave_pods
D:9:      layout_roguey, lair_entry_dummy, serial_shops, nicolae_stop_n_shop_2,
          nicolae_shop_waterfront, nicolae_shop_waterfront, st_stairs_9,
          serial_bayou_pond_e, kennysheep_generic_room_4
D:10:     layout_irregular_city, david_orc_3, hangedman_decor_peaks_small
D:11:     layout_roguey, special_room [special_room_orc],
          nicolae_yredelemnul_corpse_copse
D:12:     layout_irregular_city, grunt_ministairs_1
Temple:   cyrus_circular_temple
Lair:1:   layout_loops_ring, minmay_stone_trees_medium, st_stairs_7,
          dpeg_stationary_puzzle, lemuel_fruit_tree, infiniplex_staircase_pool
Lair:2:   minmay_lair_venomous_thicket, layout_cellular_growth,
          skrybe_swamp_entry_bodies, spider_nest_entry_rubble,
          infiniplex_staircase_pool_2, grunt_megastairs_1
Lair:3:   layout_roguey
Lair:4:   layout_long_grid
Lair:5:   layout_loops_ring
Lair:6:   guppyfry_lair_end_dragon, layout_cave_pods,
          hangedman_lair_tendril_chambers, slime_altar_1,
          ebering_ghost_funeral_grove
Orc:1:    layout_caves, basic_altar, uniq_fannar, uniq_jorgrun, uniq_snorg
Orc:2:    st_orc_mages, layout_caves, uniq_nessos

Skill      XL: |  1  2  3  4  5  6  7  8  9 10 11 12 13 14 |
---------------+-------------------------------------------+-----
Short Blades   | 4 5 6 8 9 10 | 10.4
Stealth        | 4 5 6 7 8 11 14 16 18 21 24 | 24.1
Dodging        | 5 6 7 8 10 13 15 16 18 | 18.9
Fighting       | 3 4 5 6 7 8 10 | 10.1
Evocations     | 1 |  1.3

Action                   |  1- 3 |  4- 6 |  7- 9 | 10-12 | 13-15 || total
-------------------------+-------+-------+-------+-------+-------++-------
Melee: Short sword       |   367 |   177 |   151 |       |       ||   695
       Dagger            |       |       |   224 |   976 |   851 ||  2051
Invok: Lunge             |       |       |    23 |    64 |    60 ||   147
       Whirlwind         |       |       |    80 |    26 |    25 ||   131
Evoke: Wand              |       |       |       |     1 |       ||     1
  Use: Scroll            |       |       |     6 |    18 |     1 ||    25
       Potion            |       |       |     1 |     3 |       ||     4
 Stab: Sleeping          |    12 |    12 |    31 |    34 |    52 ||   141
       Distracted        |       |       |     3 |     5 |     9 ||    17
Armor: Robe              |     3 |    13 |     8 |       |       ||    24
       Steam dragon scal |       |       |    22 |    75 |    61 ||   158
Dodge: Dodged            |    52 |   138 |   229 |   538 |   529 ||  1486

Table legend: (Time is in decaauts)
 A = Elapsed time spent in this place.
 B = Non-inter-level travel time spent in this place.
 C = Inter-level travel time spent in this place.
 D = Time resting spent in this place.
 E = Time spent auto-exploring this place.
 F = Levels seen in this place.
 G = Mean time per level.
                   A        B        C        D        E       F      G
               +--------+--------+--------+--------+--------+-----+--------+
         Total |  15024 |  14344 |    680 |     13 |  10124 |  21 |  715.4 |
       Dungeon |  10204 |   9768 |    436 |     10 |   7367 |  12 |  850.3 |
        Temple |     38 |     29 |      9 |      0 |     22 |   1 |   38.0 |
          Lair |   3636 |   3485 |    151 |      2 |   2291 |   6 |  606.0 |
  Orcish Mines |   1144 |   1062 |     82 |      0 |    442 |   2 |  572.0 |
               +--------+--------+--------+--------+--------+-----+--------+

Top non-repeatable levels by time:
     D:8: 1226 daAuts
     D:5: 1141 daAuts
     D:9: 1122 daAuts
     D:2: 1122 daAuts
     D:1: 1063 daAuts
     D:6: 989 daAuts
     D:3: 859 daAuts
  Lair:6: 840 daAuts
     D:4: 729 daAuts
  Lair:5: 713 daAuts
   Orc:2: 672 daAuts
  Lair:2: 632 daAuts
     D:7: 631 daAuts
    D:10: 622 daAuts
    D:11: 593 daAuts
